 Dungeon Crawl Stone Soup version 0.28-a0-381-g937acc2988 (webtiles) character file.

Game seed: 6726050175108185870

98 Archison the Vexing (level 4, -1/21 HPs)
             Began as a Spriggan Enchanter on Sept 1, 2021.
             Slain by Natasha (3 damage)
             ... on level 3 of the Dungeon.
             The game lasted 00:14:15 (3972 turns).

Archison the Vexing (Spriggan Enchanter)            Turns: 3972, Time: 00:14:16

Health: -1/21      AC:  2    Str:  4    XL:     4   Next: 43%
Magic:  8/9        EV: 18    Int: 17    God:
Gold:   111        SH:  5    Dex: 15    Spells: 6/8 levels left

rFire   . . .      SeeInvis +   a - +1 dagger
rCold   . . .      Faith    .   (shield restricted)
rNeg    . . .      Spirit   .   b - +0 robe
rPois   .          Reflect  +   (helmet restricted)
rElec   .          Harm     .   (no cloak)
rCorr   .          Rampage  .   (gloves unavailable)
Will    +....                   (boots unavailable)
Stlth   +++.......              i - amulet of reflection
HPRegen 0.07/turn               e - ring of willpower
MPRegen 0.11/turn               (no ring)

@: very quick
A: very small, no large weapons, unfitting armour, see invisible, speed 3
a: no special abilities


You were on level 3 of the Dungeon.
You visited 1 branch of the dungeon, and saw 4 of its levels.

You collected 111 gold pieces.

Inventory:

Hand Weapons
 a - a +1 dagger (weapon)
Missiles
 d - 15 arrows
Armour
 b - a +0 robe (worn)
Jewellery
 e - a ring of willpower (left hand)
 i - an amulet of reflection (around neck)
 k - a ring of willpower
Potions
 g - a potion of brilliance
 j - a potion of attraction {unknown}


   Skills:
 + Level 0.2 Fighting
 - Level 1.1 Short Blades
 * Level 3.6 Dodging
 - Level 4.5 Stealth
 + Level 0.1 Shields
 - Level 2.7 Spellcasting
 * Level 5.6 Hexes
 + Level 0.4 Ice Magic


You had 6 spell levels left.
You knew the following spells:

 Your Spells              Type           Power      Damage    Failure   Level
a - Ensorcelled Hibernat  Hex/Ice        24%        N/A       8%          2

Your spell library contained the following spells:

 Spells                   Type           Power      Damage    Failure   Level
 Confusing Touch          Hex            21%        N/A       5%          3
 Tukima's Dance           Hex            21%        N/A       5%          3
 Dazzling Flash           Conj/Hex       22%        N/A       17%         3
 Summon Guardian Golem    Hex/Summ       11%        N/A       17%         3
 Summon Small Mammal      Summ           8%         N/A       19%         1
 Call Canine Familiar     Summ           2%         N/A       47%         3


Dungeon Overview and Level Annotations

Branches:
Dungeon (4/15)
 Temple: D:4-7

Altars:
Ashenzari
Cheibriados
Xom

Annotations:
D:2 Sigmund
D:3 Natasha


Innate Abilities, Weirdness & Mutations

You are very small and have problems with some larger weapons.
You are too small for most types of armour.
You have supernaturally acute eyesight. (SInv)
You cover ground extremely quickly. (Speed+++)


Message History

You hit Natasha.
Natasha is lightly wounded.
Natasha completely misses you.
You hit Natasha.
Natasha is lightly wounded.
You hit Natasha.
Natasha is moderately wounded.
You block Natasha's attack.
You closely miss Natasha.
Natasha is moderately wounded.
Natasha casts a spell.
You barely miss Natasha.
Natasha is moderately wounded.
Natasha closely misses you.
You hit Natasha but do no damage.
Natasha is moderately wounded.
The crimson imp completely misses you. Natasha completely misses you.
You hit Natasha.
Natasha is moderately wounded.
The crimson imp misses you.
Natasha stares at you and mumbles some strange words.
The magic dart hits you!
You closely miss Natasha.
Natasha is moderately wounded.
The crimson imp misses you. Natasha barely misses you.
You closely miss Natasha.
Natasha is moderately wounded.
The crimson imp misses you. Natasha casts a spell at you.
The magic dart hits you!
* * * LOW HITPOINT WARNING * * *
You hit the crimson imp but do no damage.
The crimson imp completely misses you. You block Natasha's attack.
You hit the crimson imp.
The crimson imp is lightly wounded.
The crimson imp misses you. You block Natasha's attack.
The crimson imp hits you.
* * * LOW HITPOINT WARNING * * *
Natasha claws you.
You die...

.J. ##.#.#.#
#.............# ....
#.#.#.#
#######.#######
...⌠.###.#.####......#
.................###.#
...###.....###..# #.#
#..#....# #..# #.#
#..#..#############
#..#..#...5.h......
#..#..'....@.......
#..#..#............
#.<...#############
##.#..# #.#..# .....#
##....' .....# ####


You could see Natasha and a crimson imp (summoned).

Vanquished Creatures
  Natasha (D:3)
  3 adders (D:2)
  A worm (D:3)
  A dart slug (D:3)
  5 orcs
  3 bats
  An endoplasm (D:3)
  A giant cockroach (D:1)
  4 goblins
  4 hobgoblins
  3 ball pythons
  3 frilled lizards
  4 kobolds
  3 rats
37 creatures vanquished.

Vanquished Creatures (collateral kills)
  A bat (D:3)
1 creature vanquished.

Vanquished Creatures (others)
  18 plants (D:1)
18 creatures vanquished.

Grand Total: 56 creatures vanquished

Notes
Turn   | Place    | Note
-------+----------+-------------------------------------------
     0 | D:1      | Archison the Spriggan Enchanter began the quest for the
                  | Orb.
     0 | D:1      | Reached XP level 1. HP: 9/9 MP: 5/5
   472 | D:1      | Reached skill level 4 in Hexes
   983 | D:1      | Reached XP level 2. HP: 7/13 MP: 6/6
   986 | D:1      | Learned a level 2 spell: Ensorcelled Hibernation
  1806 | D:2      | Reached XP level 3. HP: 15/16 MP: 0/8
  1841 | D:2      | Found a faded altar of an unknown god.
  1904 | D:2      | Reached skill level 5 in Hexes
  1989 | D:2      | Noticed Sigmund
  2263 | D:3      | Found a broken altar of Ashenzari.
  2634 | D:3      | You fall into a shaft and drop 1 floor!
  2713 | D:4      | Found a snail-covered altar of Cheibriados.
  2713 | D:4      | Found a shimmering altar of Xom.
  3189 | D:3      | Noticed Natasha
  3194 | D:3      | Killed Natasha
  3195 | D:3      | Reached XP level 4. HP: 21/21 MP: 6/9
  3381 | D:3      | Noticed Natasha
  3972 | D:3      | Slain by Natasha

Illustrated notes

Levels and vault maps discovered:
D:1:      tarquinn_simple_flora_water_e, layout_basic, serial_bayou_lagoon_a,
          hangedman_feature_mirror
D:2:      layout_basic, ebering_ecumenical_altar_box, uniq_robin, uniq_sigmund
D:3:      minmay_skewed_foursquare, layout_loops_ring,
          mainiacjoe_overflow_boulevard, nicolae_ashenzari_panopticon,
          nrook_uturn, uniq_natasha
D:4:      minmay_goblin_kobold_castle, layout_basic,
          gammafunk_temple_overflow_statue, serial_corexii_hall,
          corexii_hall_statues_l, corexii_hall_statues_i, corexii_hall_statues_x

Skill      XL: |  1  2  3 |
---------------+----------+-----
Hexes          | 4 5 |  5.6
Dodging        | 3 |  3.6
Fighting       | |  0.2
Short Blades   | |  1.1
Stealth        | |  4.5
Shields        | |  0.1
Spellcasting   | |  2.7
Ice Magic      | |  0.4

Action                   |  1- 3 |  4- 6 || total
-------------------------+-------+-------++-------
Melee: Dagger            |    74 |    36 ||   110
 Cast: Ensorcelled Hiber |    20 |    11 ||    31
  Use: Scroll            |     3 |     1 ||     4
       Potion            |     1 |     1 ||     2
 Stab: Sleeping          |    17 |     5 ||    22
Armor: Robe              |     4 |       ||     4
Dodge: Dodged            |    54 |    40 ||    94
Block: Other             |    10 |    14 ||    24
       Reflection        |       |     2 ||     2

Table legend: (Time is in decaauts)
 A = Elapsed time spent in this place.
 B = Non-inter-level travel time spent in this place.
 C = Inter-level travel time spent in this place.
 D = Time resting spent in this place.
 E = Time spent auto-exploring this place.
 F = Levels seen in this place.
 G = Mean time per level.
                   A        B        C        D        E       F      G
               +--------+--------+--------+--------+--------+-----+--------+
         Total |   3175 |   3167 |      8 |   1508 |    849 |   4 |  793.8 |
       Dungeon |   3175 |   3167 |      8 |   1508 |    849 |   4 |  793.8 |
               +--------+--------+--------+--------+--------+-----+--------+

Top non-repeatable levels by time:
     D:3: 1447 daAuts
     D:1: 1236 daAuts
     D:2: 365 daAuts
     D:4: 126 daAuts
